 Dungeon Crawl Stone Soup version 0.32-a0-747-gc8563f6773 (webtiles) character file.

Game seed: 15105014138900419750

20 whatisthis the Conjurer (level 2, 0/19 (23) HPs)
             Began as a Demonspawn Reaver on Mar 17, 2024.
             Slain by Terence
             ... wielding a +2 short sword of electrocution
              (4 damage)
             ... on level 2 of the Dungeon.
             The game lasted 00:02:53 (760 turns).

whatisthis the Conjurer (Demonspawn Reaver)          Turns: 760, Time: 00:02:54

HP:   0/19 (23)     AC:  5    Str: 12    XL:     2   Next: 58%
MP:   4/5           EV: 10    Int: 13    God:
Gold: 78            SH:  0    Dex: 17    Spells: 4/5 levels left

rFire   . . .        a - +0 spear
rCold   . . .        (no shield)
rNeg    . . .        h - +0 ring mail
rPois   .            (no helmet)
rElec   .            (no cloak)
rCorr   .            (no gloves)
SInv    .            (no boots)
Will    .....        (no amulet)
Stlth   +            b - +6 ring of dexterity
HPRegen 0.23/turn    (no ring)
MPRegen 0.09/turn

%: no passive effects
@: heavily drained
A: demonic magic 1
a: no special abilities


You were on level 2 of the Dungeon.
You visited 1 branch of the dungeon, and saw 2 of its levels.

You collected 78 gold pieces.

Inventory:

Hand Weapons
 a - a +0 spear (weapon)
Missiles
 e - 5 datura-tipped darts
Armour
 h - a +0 ring mail (worn)
Jewellery
 b - a +6 ring of dexterity (left hand)
Scrolls
 d - a scroll of blinking {unknown}
 g - 3 scrolls of identify {unknown}
 i - 2 scrolls of teleportation {unknown}
 j - a scroll of enchant armour {unknown}
 k - a scroll of amnesia {unknown}
 m - a scroll of noise {unknown}
Potions
 c - a potion of resistance {unknown}
 f - 2 potions of degeneration {unknown}
 l - a potion of curing {unknown}


   Skills:
 + Level 2.5 Fighting
 + Level 3.0 Polearms
 + Level 1.0 Armour
 - Level 1.7 Dodging
 - Level 2.0 Spellcasting
 - Level 3.0 Conjurations


You had 4 spell levels left.
You knew the following spells:

 Your Spells              Type           Power      Damage    Failure   Level
a - Kiss of Death         Conj/Necr      20%        2d7       30%         1

Your spell library contained the following spells:

 Spells                   Type           Power      Damage    Failure   Level
 Momentum Strike          Conj/Tloc      10%        3d8       43%         2
 Cigotuvi's Dreadful Rot  Necr/Alch/Air  2%         N/A       65%         2
 Hailstorm                Conj/Ice       5%         3d5       67%         3
 Ignite Poison            Fire/Alch      1%         N/A       99%         4
 Freezing Cloud           Conj/Ice/Air   1%         6-21      100%        5


Dungeon Overview and Level Annotations

Branches:
Dungeon (2/15)

Altars:

Annotations:
D:2 Terence


Innate Abilities, Weirdness & Mutations

Spells you cast may paralyse adjacent enemies.


Message History

Aiming: Kiss of Death (safe; 30% risk of failure)
Press: ? - help, Q - select action, (/) - cycle Shift-Dir - straight line, f - you
Okay, then.
Aiming: Kiss of Death (safe; 30% risk of failure)
Press: ? - help, Q - select action, (/) - cycle Shift-Dir - straight line, f - Terence
Aim: Terence, wielding a +2 short sword of electrocution and wearing a +0 ring mail (100% to hit)
The fragment of death hits Terence but does no damage.
Terence is drained!
Terence is lightly wounded.
You feel drained. Malevolent energies surge around you.
Terence suddenly stops moving!
The helpless Terence fails to defend himself.
You hit Terence.
Terence is moderately wounded.
The helpless Terence fails to defend himself.
You hit Terence.
Terence is heavily wounded.
The helpless Terence fails to defend himself.
You hit Terence but do no damage.
Terence is heavily wounded.
Terence is no longer paralysed.
Terence barely misses you.
You hit Terence.
Terence is heavily wounded.
Terence hits you with a +2 short sword of electrocution.
You hit Terence but do no damage.
Terence is heavily wounded.
Terence hits you but does no damage.
You hit Terence but do no damage.
Terence is heavily wounded.
Terence hits you with a +2 short sword of electrocution.
You closely miss Terence.
Terence is heavily wounded.
Terence hits you but does no damage.
You are electrocuted!
Ouch! That really hurt!
* * * LOW HITPOINT WARNING * * *
You closely miss Terence.
Terence is heavily wounded.
Terence hits you with a +2 short sword of electrocution.
You die...
Terence says, "Rest in peace."

########## ########### .........#
#.........# .........#
#...<.....# .........#
#.........# .........#
#.........# ###.##.###
#....†....# #.##.# ###
#.........#
#.##.###.####.@.......#
#.##..##......@.......#
#.###....##......###### #..
###.####..#...##......#### ##...
)......##...####.####....####....
...........## #.# #####[..##....
..........######.###.>.###.##....
..........##......##...# #.##....
..........##.......#...# #.##....


You could see Terence (very drained).

Vanquished Creatures
  A dart slug (D:1)
  An endoplasm (D:1)
  A giant cockroach (D:2)
  4 hobgoblins
  A kobold (D:1)
  2 quokkas (D:1)
  A ball python (D:1)
  A bat (D:1)
  2 frilled lizards (D:2)
  2 goblins
16 creatures vanquished.

Notes
Turn   | Place    | Note
-------+----------+-------------------------------------------
     0 | D:1      | whatisthis the Demonspawn Reaver began the quest for the
                  | Orb.
     0 | D:1      | Reached XP level 1. HP: 16/16 MP: 3/3
   193 | D:1      | Gained mutation: Spells you cast may paralyse adjacent
                  | enemies. [demonic ancestry]
   193 | D:1      | Reached XP level 2. HP: 20/22 MP: 5/5
   596 | D:2      | Reached skill level 1 in Armour
   634 | D:2      | Noticed Terence
   760 | D:2      | Slain by Terence

Illustrated notes

Levels and vault maps discovered:
D:1:      lightli_molten_gateway, layout_basic,
          hangedman_abyss_or_decor_lesser_grid, nicolae_titane
D:2:      layout_rooms, uniq_terence

Skill      XL: |  1  2 |
---------------+-------+-----
Polearms       | 3 |  3.0
Armour         | 1 |  1.0
Fighting       | |  2.5
Dodging        | |  1.7
Spellcasting   | |  2.0
Conjurations   | |  3.0

Action                     || total
---------------------------++-------
  Melee: Spear             ||    97
   Cast: Kiss of Death     ||     1
   Stab: Paralysed         ||     3
 Armour: Leather armour    ||    29
         Ring mail         ||     9
  Dodge: Dodged            ||    55

Table legend: (Time is in decaauts)
 A = Elapsed time spent in this place.
 B = Non-inter-level travel time spent in this place.
 C = Inter-level travel time spent in this place.
 D = Time resting spent in this place.
 E = Time spent auto-exploring this place.
 F = Levels seen in this place.
 G = Mean time per level.
                   A        B        C        D        E       F      G
               +--------+--------+--------+--------+--------+-----+--------+
         Total |    756 |    720 |     36 |     46 |    351 |   2 |  378.0 |
       Dungeon |    756 |    720 |     36 |     46 |    351 |   2 |  378.0 |
               +--------+--------+--------+--------+--------+-----+--------+

Top non-repeatable levels by time:
     D:1: 577 daAuts
     D:2: 179 daAuts
